 Dungeon Crawl Stone Soup version 0.25-a0-62-g88673ef095 (webtiles) character file.

Game seed: 13187058448519450035, levelgen mode: deterministic

4647 D1HalberdGnoll the Covert (level 10, -6/53 HPs)
             Began as a Vine Stalker Enchanter on Oct 30, 2019.
             Was a Priest of Dithmenos.
             Mangled by a yak (11 damage)
             ... on level 8 of the Dungeon.
             The game lasted 00:12:26 (8307 turns).

D1HalberdGnoll the Covert (Vine Stalker Enchanter)  Turns: 8307, Time: 00:12:27

Health: -6/53      AC: 11    Str: 12    XL:     10   Next: 43%
Magic:  0/14       EV: 14    Int: 26    God:    Dithmenos [***...]
Gold:   503        SH:  0    Dex: 16    Spells: 8/13 levels left

rFire    . . .     SeeInvis .   v - +4 dagger of Dried Tears {venom, MR+ Int+4}
rCold    . . .     Gourm    .   (no shield)
rNeg     . . .     Faith    .   F - +1 ring mail "Rugymn" {Int+6}
rPois    +         Spirit   +   p - +1 helmet
rElec    .         Reflect  .   i - +2 cloak
rCorr    .         Harm     .   (no gloves)
MR       ++...                  (no boots)
Stlth    ++++......             (no amulet)
HPRegen  0.57/turn              c - ring of stealth
MPRegen  0.14/turn              j - ring of poison resistance

@: about to teleport, wreathed by umbra, very slow
A: fangs 3, regeneration 1, magic shield, antimagic bite, no potion heal 3, rot
immunity
a: Shadow Step, Renounce Religion


You were on level 8 of the Dungeon.
You worshipped Dithmenos.
Dithmenos was most pleased with you.
You were not hungry.

You visited 2 branches of the dungeon, and saw 9 of its levels.

You collected 503 gold pieces.

Inventory:

Hand Weapons
 a - the cursed +1 dagger of Hatse {holy, rPois Str+3}
   (You found it on level 5 of the Dungeon)

   It has been blessed by the Shining One to cause great damage to the undead
   and demons.
   It affects your strength (+3).
   It protects you from poison.
   It has a curse placed upon it.
 v - the +4 dagger of Dried Tears (weapon) {venom, MR+ Int+4}
   (You found it on level 4 of the Dungeon)

   It poisons the flesh of those it strikes.
   It affects your intelligence (+4).
   It affects your resistance to hostile enchantments.
Armour
 i - a +2 cloak (worn)
 p - a +1 helmet (worn)
 F - the +1 ring mail "Rugymn" (worn) {Int+6}
   (You found it on level 7 of the Dungeon)

   It affects your intelligence (+6).
Jewellery
 c - a ring of stealth (left hand)
 f - a +3 ring of intelligence
 j - a ring of poison resistance (right hand)
 w - an uncursed ring of stealth
 x - an uncursed ring of positive energy
 B - a +5 amulet of reflection {unknown}
 C - the ring of Dudag {Str+4 Stlth-, unknown}
   (You found it on level 7 of the Dungeon)

   [ring of attention]

   It affects your strength (+4).
   It makes you less stealthy.
 D - a +2 ring of slaying {unknown}
 E - a +3 amulet of reflection {unknown}
Wands
 g - a wand of disintegration (4)
 s - a wand of flame (16)
 t - a wand of iceblast (8)
Scrolls
 b - a scroll of fog {unknown}
 h - a scroll of teleportation
 l - 6 scrolls of remove curse
 q - 2 scrolls of enchant armour
 y - a scroll of enchant weapon {unknown}
 A - a scroll of amnesia
 G - a scroll of summoning {unknown}
 H - a scroll of identify
Potions
 e - 2 potions of heal wounds {unknown}
 k - 5 potions of might
 m - 3 potions of flight
 n - 2 potions of cancellation {unknown}
 o - 4 potions of lignification {unknown}
 r - 2 potions of curing {unknown}
 u - 2 potions of haste
 z - a potion of berserk rage {unknown}
Comestibles
 d - 11 rations


   Skills:
 + Level 6.4 Fighting
 + Level 5.7 Short Blades
 + Level 6.2 Dodging
 + Level 11.0 Stealth
 - Level 2.1 Spellcasting
 - Level 5.0 Hexes


You had 8 spell levels left.
You knew the following spells:

 Your Spells              Type           Power        Failure   Level  Hunger
b - Ensorcelled Hibernat  Hex/Ice        ###...       13%         2    ##.....
c - Confuse               Hex            ####....     9%          3    ###....

Your spell library contained the following spells:

 Spells                   Type           Power        Failure   Level  Hunger
 Confusing Touch          Hex            ####..       3%          1    None
 Corona                   Hex            ####...      3%          1    None
 Tukima's Dance           Hex            ####....     9%          3    ###....
 Sandblast                Erth           #.....       24%         1    None
 Dazzling Spray           Conj/Hex       ###...       26%         3    ###....
 Passwall                 Tmut/Erth      #.......     34%         2    ##.....
 Gell's Gravitas          Tloc           #.........   56%         3    ###....
 Stone Arrow              Conj/Erth      #.....       56%         3    ###....
 Petrify                  Tmut/Erth      #.......     93%         4    ####...
 Metabolic Englaciation   Hex/Ice        ###.......   93%         5    ######.
 Yara's Violent Unravell  Hex/Tmut       ###.......   93%         5    ######.
 Lee's Rapid Deconstruct  Erth           #.........   100%        5    ######.


Dungeon Overview and Level Annotations

Branches:
Dungeon (8/15)             Temple (1/1) D:4
   Lair: D:8-11

Altars:
Ashenzari
Cheibriados
Dithmenos
Elyvilon
Fedhas
Gozag
Hepliaklqana
Makhleb
Nemelex Xobeh
Okawaru
Qazlal
Ru
Sif Muna
Trog
Uskayaw
Vehumet
Wu Jian
Xom
Yredelemnul
Zin
The Shining One
Jiyva

Shops:
D:5 (

Annotations:
D:4 1 runed translucent door


Innate Abilities, Weirdness & Mutations

You have razor-sharp teeth.
Your natural rate of healing is unusually fast.
When hurt, damage is shared between your health and your magic reserves.
Your bite disrupts and absorbs the magic of your enemies.
Potions cannot restore your health.
You are immune to rotting.


Message History

You drain its power.
You feel invigorated.
The dream sheep is severely wounded.
The dream sheep closely misses you. The yak gores you!
* * * LOW HITPOINT WARNING * * *
The dream sheep closely misses you. The yak barely misses you.
The dream sheep shake their wool and sparkle.
You feel drowsy...
You fall asleep.
The dream sheep misses you. The yak closely misses you. x2
The dream sheep barely misses you. The yak gores you!!
You wake up.
* * * LOW HITPOINT WARNING * * *
The yak barely misses you.
The yak gores the plant but does no damage.
Okay, then.
As you read the scroll of teleportation, it crumbles to dust.
You feel strangely unstable. The dream sheep misses you.
You enter the shallow water.
Moving in this stuff is going to be slow.
The yak gores you!
You die...

#.# #.#### #.# #....# #.# #)†..#
#.# #....# ######### #.###
#>.##########....(... #...#
#..#.....#.%#########
###.########..#≈.%..'.%#########
#.#>........#..P..'..##.......
#.#..........@YYY.)..##...###.
#.#.........#.Y...#..#'...+...
#.#.........#≈.P≈P##+##...###.
#.#.........#P≈≈≈≈# ###.# #.
#.###########PP≈P.+ ####.###.
#.#.......# ##########........
#.#.#####.# #.........# #.#.#
#.# #.........# #.#.# #.########
#.........#


You could see 2 yaks and 2 dream sheep.

Vanquished Creatures
  A two-headed ogre (D:8)
  Psyche (D:8)
  2 hippogriffs (D:7)
  2 orc warriors
  An ice beast (D:7)
  A black bear (D:6)
  4 ogres
  2 phantoms
  A necrophage (D:7)
  2 centaurs
  A crocodile (D:8)
  3 big kobolds (D:8)
  3 bullfrogs
  A water moccasin skeleton (D:8)
  A scorpion (D:4)
  5 killer bees (D:8)
  6 wights
  3 howler monkeys
  3 crimson imps
  A bullfrog zombie (D:7)
  A human zombie (D:4)
  3 jellies (D:6)
  3 bullfrog skeletons
  3 hounds
  2 orc wizards
  4 orc priests
  A human skeleton (D:4)
  3 iguanas
  3 worker ants
  A hound zombie (D:8)
  A hound skeleton (D:4)
  A worker ant zombie (D:5)
  3 gnolls (D:7)
  9 adders
  4 shadow imps
  An adder zombie (D:6)
  4 worms
  A dart slug (D:4)
  6 leopard geckos
  39 orcs
  5 giant cockroaches
  8 goblins
  10 hobgoblins
  7 jackals
  11 kobolds
  3 quokkas
  7 bats
  3 frilled lizards
  A jackal skeleton (D:8)
  A leopard gecko zombie (D:6)
  4 quokka skeletons
  11 rats
208 creatures vanquished.

Notes
Turn   | Place    | Note
-------+----------+-------------------------------------------
     0 | D:1      | D1HalberdGnoll the Vine Stalker Enchanter began the quest
                  | for the Orb.
     0 | D:1      | Reached XP level 1. HP: 9/9 MP: 4/4
   232 | D:1      | Reached XP level 2. HP: 9/14 MP: 6/6
   236 | D:1      | Reached skill level 4 in Stealth
   916 | D:2      | Found an iron altar of Okawaru.
   919 | D:2      | Reached XP level 3. HP: 17/17 MP: 7/7
  1639 | D:1      | Reached skill level 1 in Fighting
  2118 | D:2      | Learned a level 2 spell: Ensorcelled Hibernation
  2122 | D:2      | Learned a level 3 spell: Confuse
  2216 | D:2      | Gained mutation: Your natural rate of healing is unusually
                  | fast. [Vine Stalker growth]
  2216 | D:2      | Reached XP level 4. HP: 17/22 MP: 2/8
  2474 | D:3      | Reached skill level 5 in Stealth
  2552 | D:3      | Noticed an ogre
  2611 | D:3      | Killed an ogre
  2611 | D:3      | Reached XP level 5. HP: 16/26 MP: 3/9
  2811 | D:3      | Reached XP level 6. HP: 28/30 MP: 10/10
  2817 | D:3      | Reached skill level 6 in Stealth
  3055 | D:4      | Found a bloodstained altar of Trog.
  3319 | D:4      | Found a staircase to the Ecumenical Temple.
  3341 | Temple   | Entered the Ecumenical Temple
  3437 | Temple   | Became a worshipper of Dithmenos the Shadowed
  3479 | D:4      | Found a runed translucent door.
  3479 | D:4      | Noticed a human
  3499 | D:4      | Found a basalt altar of Yredelemnul.
  3571 | D:4      | Found a blossoming altar of Fedhas.
  3875 | D:4      | Reached XP level 7. HP: 35/35 MP: 11/11
  3923 | D:4      | Reached skill level 7 in Stealth
  4178 | D:4      | Got a scorched dagger
  4179 | D:4      | Identified the +4 dagger of Dried Tears {venom, MR+ Int+4}
                  | (You found it on level 4 of the Dungeon)
  4267 | D:4      | Reached * piety under Dithmenos
  4363 | D:4      | Found a burning altar of Makhleb.
  4363 | D:4      | Noticed a blizzard demon
  4366 | D:4      | Noticed a neqoxec
  4366 | D:4      | Noticed an orange demon
  4422 | D:5      | Entered Level 5 of the Dungeon
  4452 | D:5      | Got an ancient robe
  4453 | D:5      | Identified the cursed +0 robe "Kohihy" {Str-5 Dex+8} (You
                  | found it on level 5 of the Dungeon)
  4538 | D:5      | Got a shimmering dagger
  4546 | D:5      | Identified the cursed +1 dagger of Hatse {holy, rPois
                  | Str+3} (You found it on level 5 of the Dungeon)
  4675 | D:5      | Reached skill level 1 in Short Blades
  4686 | D:5      | Found a sparkling altar of Nemelex Xobeh.
  4736 | D:5      | Gained mutation: You have razor-sharp teeth. [Vine Stalker
                  | growth]
  4736 | D:5      | Reached XP level 8. HP: 40/40 MP: 12/12
  4751 | D:5      | Found Lojo Eno's Weapon Boutique.
  4834 | D:5      | Found a glowing silver altar of Zin.
  5138 | D:6      | Noticed a +0 hand axe
  5138 | D:6      | Noticed a +0 hand axe
  5142 | D:6      | Found a hide-covered altar of Uskayaw.
  5145 | D:6      | Reached skill level 5 in Hexes
  5154 | D:6      | Reached skill level 8 in Stealth
  5472 | D:6      | Got a scintillating bronze ring
  5473 | D:6      | Identified the ring "Xapoan" {Int+2 Slay+1} (You found it
                  | on level 6 of the Dungeon)
  5807 | D:6      | Reached ** piety under Dithmenos
  6051 | D:6      | Reached skill level 9 in Stealth
  6082 | D:6      | Reached XP level 9. HP: 41/46 MP: 11/13
  6211 | D:7      | Found a white marble altar of Elyvilon.
  6212 | D:7      | Found a shattered altar of Ashenzari.
  6212 | D:7      | Found a radiant altar of Vehumet.
  6331 | D:7      | Found an opulent altar of Gozag.
  6466 | D:7      | Reached skill level 5 in Fighting
  6747 | D:7      | Reached skill level 5 in Dodging
  6908 | D:7      | Got a scorched wooden ring
  6917 | D:7      | Got a distressingly furry ring mail
  6918 | D:7      | Identified the +1 ring mail "Rugymn" {Int+6} (You found it
                  | on level 7 of the Dungeon)
  7171 | D:7      | Reached skill level 10 in Stealth
  7200 | D:7      | Found a shadowy altar of Dithmenos.
  7461 | D:7      | Reached *** piety under Dithmenos
  7498 | D:8      | Noticed a two-headed ogre
  7515 | D:8      | Killed a two-headed ogre
  7515 | D:8      | Reached skill level 5 in Short Blades
  7515 | D:8      | Reached XP level 10. HP: 53/53 MP: 11/14
  7621 | D:8      | Noticed Psyche
  7627 | D:8      | Killed Psyche
  8207 | D:8      | Reached skill level 11 in Stealth
  8307 | D:8      | Mangled by a yak

Levels and vault maps discovered:
D:1:      co_arrival_random_square_maze, layout_rooms
D:2:      layout_basic, old_standard_altar, first_ration
D:3:      layout_rooms
D:4:      minmay_clustersquares, layout_basic, lemuel_crystal_altar,
          makhleb_altar_promises_db, bloody_trog, minmay_temple_entry_tees,
          grunt_decor_cap, dk_yredelemnul_ordeal
D:5:      layout_gridville, nicolae_overflow_crystal_walls, basic_altar,
          serial_shops, nicolae_shop_crystal
D:6:      layout_basic, dancing_weapons_uskayaw, hangedman_decor_lopped
D:7:      minmay_the_grid_octo_triangle [minmay_the_grid_octo_horde,
          minmay_the_grid_octo_prize_ultimate_mussel_roller,
          minmay_the_grid_octo_chip], layout_basic,
          chequers_temple_overflow_statue_of_worship, grunt_dithmenos_shadows
D:8:      layout_basic, hangedman_ranch [blue_anna_fruit_fields], uniq_psyche
Temple:   pf_slimified_temple

Skill      XL: |  1  2  3  4  5  6  7  8  9 10 |
---------------+-------------------------------+-----
Stealth        | 4 5 6 7 9 10 11 | 11.0
Dodging        | 2 3 4 5 6 |  6.2
Fighting       | 1 2 3 4 6 |  6.4
Hexes          | 4 5 |  5.0
Short Blades   | 1 3 5 |  5.7
Spellcasting   | |  2.1

Action                   |  1- 3 |  4- 6 |  7- 9 | 10-12 || total
-------------------------+-------+-------+-------+-------++-------
Melee: Dagger            |   119 |   197 |   349 |    95 ||   760
       Bite              |    25 |    64 |    94 |    21 ||   204
 Cast: Corona            |     2 |     1 |       |       ||     3
       Ensorcelled Hiber |     1 |    17 |     8 |       ||    26
Evoke: Wand              |       |       |     1 |       ||     1
  Use: Potion            |     1 |       |       |       ||     1
       Scroll            |       |     9 |    12 |     1 ||    22
 Stab: Sleeping          |     7 |    14 |    34 |     8 ||    63
       Distracted        |       |     1 |     2 |       ||     3
  Eat: Chunk             |     4 |     7 |     5 |     1 ||    17
       Ration            |       |       |     2 |     1 ||     3
Armor: Robe              |    17 |    46 |    55 |       ||   118
       Ring mail         |       |       |    28 |    22 ||    50
Dodge: Dodged            |    61 |   149 |   307 |    79 ||   596

Table legend:
 A = Non-vault XP
 B = Vault XP
 C = Vault XP percentage of total XP
 D = Non-vault monster count
 E = Vault monster count
 F = Vault count percentage of total count
                 A         B        C        D         E       F
            +---------+---------+-------+---------+---------+-------
      Total |    4668 |    1971 |  29.7 |     181 |      27 |  13.0
            +---------+---------+-------+---------+---------+-------
        D:1 |      35 |       0 |   0.0 |      18 |       0 |   0.0
        D:2 |      54 |       0 |   0.0 |      22 |       0 |   0.0
        D:3 |     246 |       0 |   0.0 |      28 |       0 |   0.0
        D:4 |     309 |     245 |  44.2 |      23 |       9 |  28.1
        D:5 |     454 |       0 |   0.0 |       9 |       0 |   0.0
        D:6 |    1018 |       0 |   0.0 |      33 |       0 |   0.0
        D:7 |     792 |    1131 |  58.8 |      21 |      15 |  41.7
        D:8 |    1760 |     595 |  25.3 |      27 |       3 |  10.0
            +---------+---------+-------+---------+---------+-------
